 Dungeon Crawl Stone Soup version 0.22-a0-425-g89d60a1 (webtiles) character file.

88 Hekarica the Vexing (level 4, -1/34 HPs)
             Began as a Gnoll Arcane Marksman on May 23, 2018.
             Slain by an orc
             ... wielding a +0 war axe
              (8 damage)
             ... on level 3 of the Dungeon.
             The game lasted 00:12:25 (2334 turns).

Hekarica the Vexing (Gnoll Arcane Marksman)         Turns: 2334, Time: 00:12:26

Health: -1/34      AC:  4    Str: 13    XL:     4   Next: 54%
Magic:  1/8        EV: 14    Int: 15    God:
Gold:   129        SH:  0    Dex: 16    Spells: 6/9 levels left

rFire    . . .     SeeInvis .   b - +0 dagger
rCold    . . .     Gourm    .   (no shield)
rNeg     . . .     Faith    .   h - +0 leather armour
rPois    .         Spirit   .   (no helmet)
rElec    .         Reflect  .   (no cloak)
rCorr    .         Harm     .   g - +0 pair of gloves
MR       .....                  (no boots)
Stlth    ++........             (no amulet)
HPRegen  0.11/turn              (no ring)
MPRegen  0.11/turn              (no ring)

@: very slightly contaminated
A: distributed training, fangs 1, strong nose
a: no special abilities


You were on level 3 of the Dungeon.
You were not hungry.

You visited 1 branch of the dungeon, and saw 3 of its levels.

You collected 129 gold pieces.

Inventory:

Hand Weapons
 a - a +0 shortbow
 b - a +0 dagger (weapon)
Armour
 g - a +0 pair of gloves (worn)
 h - a +0 leather armour (worn)
Scrolls
 c - 2 scrolls of identify {unknown}
 k - a scroll of blinking {unknown}
 l - a scroll of remove curse {unknown}
 m - a scroll of fog {unknown}
 n - 2 scrolls of fear {unknown}
Potions
 e - a potion of mutation {unknown}
 i - a potion of might {unknown}
 j - a potion of degeneration {unknown}
Comestibles
 f - a ration


   Skills:
 + Level 2.7 Fighting
 + Level 1.1 Short Blades
 + Level 1.1 Long Blades
 + Level 1.1 Axes
 + Level 1.1 Maces & Flails
 + Level 1.1 Polearms
 + Level 1.1 Staves
 + Level 1.1 Slings
 + Level 4.6 Bows
 + Level 1.1 Crossbows
 + Level 1.1 Throwing
 + Level 1.1 Armour
 + Level 4.6 Dodging
 + Level 1.1 Stealth
 + Level 1.1 Shields
 + Level 1.1 Unarmed Combat
 + Level 3.0 Spellcasting
 + Level 0.9 Conjurations
 + Level 5.4 Hexes
 + Level 0.9 Charms
 + Level 0.9 Summonings
 + Level 0.9 Necromancy
 + Level 0.9 Translocations
 + Level 0.9 Transmutations
 + Level 0.9 Fire Magic
 + Level 0.9 Ice Magic
 + Level 0.9 Air Magic
 + Level 0.9 Earth Magic
 + Level 0.9 Poison Magic
 + Level 1.2 Invocations
 + Level 1.1 Evocations


You had 6 spell levels left.
You knew the following spells:

 Your Spells              Type           Power        Failure   Level  Hunger
a - Corona                Hex            ###....      2%          1    #......
b - Slow                  Hex            ###.....     4%          2    ##.....

Your spell library contained the following spells:

 Spells                   Type           Power        Failure   Level  Hunger
 Cause Fear               Hex            ###.......   26%         4    #####..
 Portal Projectile        Hex/Tloc       ##....       21%         3    ###....
 Leda's Liquefaction      Hex/Erth       ##........   56%         4    #####..
 Inner Flame              Hex/Fire       ##......     21%         3    ###....


Dungeon Overview and Level Annotations

Branches:
Dungeon (3/15)

Altars:
Nemelex Xobeh


Innate Abilities, Weirdness & Mutations

Your experience applies equally to all skills.
You have very sharp teeth.
Your uncanny sense of smell can sniff out nearby items.


Message History

The orc closely misses you.
Firing (i - inventory)
d - an arrow (quivered)
Press: ? - help, Shift-Dir - straight line, f/p - orc priest
Aim: an orc priest, wielding a club and wearing a leather armour (severely wounded, slow, softly glowing)
You shoot an arrow. The arrow hits the orc priest.
The orc priest is almost dead.
The orc priest barely misses you. The orc hits you but does no damage.
b - a +0 dagger (weapon)
You hit the orc priest but do no damage.
The orc priest is almost dead.
The orc priest stops glowing.
The orc closely misses you. The orc hits you with a falchion.
The orc priest invokes the aid of Beogh against you.
Pain shoots through your body!
You hit the orc priest but do no damage.
The orc priest is almost dead.
The orc hits you with a dagger. The orc hits you with a falchion.
* * * LOW HITPOINT WARNING * * *
The orc hits you with a war axe!
You die...

#...........##.....
#...#.............
#...#.........#...
#...#<...........#
#.........########
#.........#
#.........###
#...........##
#####.@o......#
#ooo....###
#.(..##### ...^(..
....(....
#(.........
#...........
#............


You could see an orc priest and 3 orcs.

Vanquished Creatures
  An adder (D:2)
  An ooze (D:1)
  2 worms (D:2)
  3 dart slugs (D:1)
  A leopard gecko (D:2)
  A ball python (D:2)
  4 giant cockroaches
  8 goblins
  2 hobgoblins (D:2)
  10 jackals
  7 bats
  4 frilled lizards
  9 kobolds
  8 rats
61 creatures vanquished.

Notes
Turn   | Place    | Note
-------+----------+-------------------------------------------
     0 | D:1      | Hekarica the Gnoll Arcane Marksman began the quest for the Orb.
     0 | D:1      | Reached XP level 1. HP: 17/17 MP: 4/4
    10 | D:1      | Noticed an ogre
   216 | D:1      | Reached XP level 2. HP: 23/23 MP: 2/5
   641 | D:1      | Reached XP level 3. HP: 13/28 MP: 5/7
  1068 | D:1      | Reached skill level 1 in Invocations
  1317 | D:1      | Learned a level 2 spell: Slow
  1356 | D:2      | Reached skill level 1 in Short Blades
  1356 | D:2      | Reached skill level 1 in Long Blades
  1356 | D:2      | Reached skill level 1 in Axes
  1356 | D:2      | Reached skill level 1 in Maces & Flails
  1356 | D:2      | Reached skill level 1 in Polearms
  1356 | D:2      | Reached skill level 1 in Staves
  1356 | D:2      | Reached skill level 1 in Slings
  1356 | D:2      | Reached skill level 1 in Crossbows
  1356 | D:2      | Reached skill level 1 in Throwing
  1356 | D:2      | Reached skill level 1 in Armour
  1356 | D:2      | Reached skill level 1 in Stealth
  1356 | D:2      | Reached skill level 1 in Shields
  1356 | D:2      | Reached skill level 1 in Unarmed Combat
  1356 | D:2      | Reached skill level 1 in Evocations
  1384 | D:2      | Reached XP level 4. HP: 7/34 MP: 8/8
  1784 | D:2      | Found a sparkling altar of Nemelex Xobeh.
  2334 | D:3      | Slain by an orc

Vault maps used:
D:1:      evilmike_arrival_come_back
D:2:      nemelex_xobeh_ov_fountains_minmay
D:3:      lightli_temple_of_fire, minmay_overflow_temple_star_hex,
          chequers_ecumenical_altar_simple

Skill      XL: |  1  2  3  4 |
---------------+-------------+-----
Invocations    | 1 |  1.2
Short Blades   | 1 |  1.1
Long Blades    | 1 |  1.1
Axes           | 1 |  1.1
Maces & Flails | 1 |  1.1
Polearms       | 1 |  1.1
Staves         | 1 |  1.1
Slings         | 1 |  1.1
Crossbows      | 1 |  1.1
Throwing       | 1 |  1.1
Armour         | 1 |  1.1
Stealth        | 1 |  1.1
Shields        | 1 |  1.1
Unarmed Combat | 1 |  1.1
Evocations     | 1 |  1.1
Spellcasting   | 3 |  3.0
Fighting       | |  2.7
Bows           | |  4.6
Dodging        | |  4.6
Conjurations   | |  0.9
Hexes          | |  5.4
Charms         | |  0.9
Summonings     | |  0.9
Necromancy     | |  0.9
Translocations | |  0.9
Transmutations | |  0.9
Fire Magic     | |  0.9
Ice Magic      | |  0.9
Air Magic      | |  0.9
Earth Magic    | |  0.9
Poison Magic   | |  0.9

Action                   |  1- 3 |  4- 6 || total
-------------------------+-------+-------++-------
Melee: Dagger            |   113 |    38 ||   151
       Bite              |     7 |     6 ||    13
 Fire: Shortbow          |    39 |    47 ||    86
 Cast: Corona            |    28 |    17 ||    45
       Slow              |       |     2 ||     2
 Stab: Sleeping          |     1 |       ||     1
  Eat: Ration            |     1 |     1 ||     2
Armor: Robe              |    11 |       ||    11
       Leather armour    |    15 |    17 ||    32
Dodge: Dodged            |    94 |    60 ||   154

Table legend:
 A = Spawn XP
 B = Non-spawn XP
 C = Spawn XP percentage of total XP
 D = Spawn monster count
 E = Non-spawn monster count
 F = Spawn count percentage of total count
 G = Total turns spent on level
                    A         B        C        D         E        F      G
               +---------+---------+-------+---------+---------+-------+---------
         Total |       0 |     127 |   0.0 |       0 |      61 |   0.0 |  2334
               +---------+---------+-------+---------+---------+-------+---------
           D:1 |       0 |      61 |   0.0 |       0 |      29 |   0.0 |  1336
           D:2 |       0 |      64 |   0.0 |       0 |      30 |   0.0 |   967
           D:3 |       0 |       2 |   0.0 |       0 |       2 |   0.0 |    31
               +---------+---------+-------+---------+---------+-------+---------
